 Dungeon Crawl Stone Soup version 0.19.4-8-ga85b6b9 (webtiles) character file.

201 vatarom the Ducker (level 5, -2/50 HPs)
             Began as a Troll Chaos Knight on Feb 13, 2017.
             Slain by a slave (8 damage)
             ... led by Pikel
             ... on level 4 of the Dungeon.
             The game lasted 00:03:54 (2113 turns).

vatarom the Ducker (Troll Chaos Knight)             Turns: 2113, Time: 00:03:55

Health: -2/50      AC:  9    Str: 20    XL:     5   Next: 50%
Magic:  4/4        EV: 11    Int:  8    God:    Xom [*.....]
Gold:   124        SH:  0    Dex: 10    Spells: 0 memorised, 4 levels left

rFire  . . .     SeeInvis +       - Unarmed
rCold  . . .     Gourm    +     a - +2 robe
rNeg   . . .     Faith    .     (no shield)
rPois  .         Spirit   .     e - +2 hat
rElec  .         Reflect  .     (no cloak)
rCorr  .         Harm     .     (gloves unavailable)
MR     .....                    (boots unavailable)
Stlth  +.........               j - amulet of regeneration
                                k - ring of flight
                                d - ring of see invisible

@: drained
A: unfitting armour, claws 3, fast metabolism 3, gourmand, regeneration 1,
shaggy fur 1, tough skin 2
a: Renounce Religion, Evoke Flight


You were on level 4 of the Dungeon.
You worshipped Xom.
You were a special plaything of Xom.
You were full.

You visited 1 branch of the dungeon, and saw 4 of its levels.

You collected 124 gold pieces.

Inventory:

Armour
 a - a +2 robe (worn)
 e - a +2 hat (worn)
Jewellery
 d - a ring of see invisible (left claw)
 j - an amulet of regeneration (around neck)
 k - a ring of flight (right claw)
Wands
 l - a wand of iceblast (8/15)
 n - a wand of random effects (33/48)
 p - a wand of slowing (27/48)
Scrolls
 f - a scroll of amnesia
 h - 2 scrolls of remove curse
Potions
 o - a potion of agility
Comestibles
 b - 5 bread rations
 c - 2 meat rations
 g - a beef jerky


   Skills:
 - Level 2.4(1.3) Fighting
 + Level 5.0(3.8) Dodging
 * Level 3.0(1.9) Unarmed Combat


You had 4 spell levels left.
You didn't know any spells.

Dungeon Overview and Level Annotations

Branches:
Dungeon (4/15)
 Temple: D:4-7

Altars:
Xom

Annotations:
D:4 Pikel


Innate Abilities, Weirdness & Mutations

You are too large for most types of armour.
You have claws for hands.
Your metabolism is lightning-fast.
You like to eat raw meat.
Your natural rate of healing is unusually fast.
You are covered in fur. (AC +1)
You have very tough skin. (AC +2)


Message History

Unknown command.
You feel better. The slave hits you.
* * * LOW HITPOINT WARNING * * *
The orc hits you but does no damage. The slave hits you but does no damage.
The slave closely misses you. Pikel hits you with a whip of freezing!
* * * LOW HITPOINT WARNING * * *
Pikel freezes you.
* * * LOW HITPOINT WARNING * * *
Unknown command.
You feel better. The slave barely misses you.
The orc hits you but does no damage. The slave hits you but does no damage.
The slave hits you!
* * * LOW HITPOINT WARNING * * *
Pikel closely misses you.
Unknown command.
You scratch Pikel.
Pikel is almost dead.
The slave closely misses you. The slave hits you!
You die...
Xom titters!

#...............#......#
# +###..............
########
##.#..............#
...#..............#
...#..............#
...#..............#
...#..............#####.
####.......#####po......
...........# +@p......
...........# #Kp......
...........# #p.......
...........# #........
...........# #........
#......##### .......##
#......# .......#
#......# .......#


You could see Pikel, 4 slaves and an orc.

Vanquished Creatures
  A scorpion (D:4)
  Natasha (thrice) (D:3)
  An adder (D:2)
  An ooze (D:2)
  4 worms
  4 dart slugs
  3 orcs (D:3)
  5 bats
  3 giant cockroaches
  6 hobgoblins
  3 kobolds
  A quokka (D:3)
  A frilled lizard (D:3)
  5 goblins
  7 rats
48 creatures vanquished.

Notes
Turn   | Place    | Note
-------+----------+-------------------------------------------
     0 | D:1      | vatarom the Troll Chaos Knight began the quest for the Orb.
     0 | D:1      | Reached XP level 1. HP: 22/22 MP: 0/0
    10 | D:1      | Reached skill level 2 in Dodging
   286 | D:1      | XOM: potion effect (might)
   287 | D:1      | Reached XP level 2. HP: 29/29 MP: 1/1
   590 | D:2      | XOM: harmless Necr miscast
   765 | D:2      | Reached skill level 3 in Dodging
   788 | D:2      | Reached XP level 3. HP: 36/36 MP: 2/2
   962 | D:2      | XOM: divination: detect creatures
  1005 | D:2      | XOM: scenery: 1 doors close
  1097 | D:2      | XOM: fog
  1121 | D:2      | XOM: god gift: beef jerky
  1370 | D:2      | XOM: scenery: create altars
  1491 | D:2      | XOM: scenery: create altars
  1616 | D:3      | Noticed Natasha
  1630 | D:3      | XOM: noise
  1637 | D:3      | Killed Natasha
  1637 | D:3      | Reached XP level 4. HP: 32/44 MP: 3/3
  1670 | D:3      | Reached skill level 4 in Dodging
  1691 | D:3      | Noticed Natasha
  1702 | D:3      | Killed Natasha
  1748 | D:3      | XOM: silly message
  1981 | D:3      | Noticed Natasha
  1984 | D:3      | Killed Natasha
  1984 | D:3      | Reached XP level 5. HP: 46/50 MP: 4/4
  2056 | D:4      | XOM: 5-stop teleportation journey
  2060 | D:4      | Reached skill level 5 in Dodging
  2098 | D:4      | Noticed a slave
  2098 | D:4      | Noticed a slave
  2099 | D:4      | Noticed Pikel
  2100 | D:4      | Noticed a slave
  2100 | D:4      | Noticed a slave
  2106 | D:4      | XOM: draining
  2111 | D:4      | HP: 1/50 [Pikel/whip of freezing (3)]
  2113 | D:4      | Slain by a slave

Skill      XL: |  1  2  3  4  5 |
---------------+----------------+-----
Dodging        | 2 3 4 5 |  5.0
Fighting       | |  2.4
Unarmed Combat | |  3.0

Action                   |  1- 3 |  4- 6 || total
-------------------------+-------+-------++-------
Melee: Unarmed           |   123 |    48 ||   171
       Punch             |     1 |       ||     1
  Use: Scroll            |     4 |     2 ||     6
       Potion            |     3 |     4 ||     7
 Stab: Sleeping          |     1 |     1 ||     2
  Eat: Chunk             |    17 |     5 ||    22
Armor: Robe              |    50 |    19 ||    69
Dodge: Dodged            |    73 |    33 ||   106
